 Dungeon Crawl Stone Soup version 0.25-a0-420-g1cc7eeb0d1 (webtiles) character file.

Game seed: 450454887816075400, levelgen mode: deterministic

193 ChaosChampion the Sneak (level 5, -3/26 HPs)
             Began as a Spriggan Assassin on Jan 19, 2020.
             Slain by an orc
             ... wielding a +0 hand axe
              (7 damage)
             ... on level 3 of the Dungeon.
             The game lasted 00:07:58 (3315 turns).

ChaosChampion the Sneak (Spriggan Assassin)         Turns: 3315, Time: 00:07:59

Health: -3/26      AC:  3    Str:  7    XL:     5   Next: 44%
Magic:  6/6        EV: 20    Int: 13    God:
Gold:   67         SH:  0    Dex: 18    Spells: 4/4 levels left

rFire    . . .     SeeInvis +   a - +2 dagger
rCold    . . .     Gourm    .   (shield restricted)
rNeg     + . .     Faith    .   b - +0 robe
rPois    .         Spirit   .   (helmet restricted)
rElec    .         Reflect  .   c - +0 cloak
rCorr    .         Harm     .   (gloves unavailable)
MR       .....                  (boots unavailable)
Stlth    ++++......             (no amulet)
HPRegen  0.08/turn              i - ring of positive energy
MPRegen  0.10/turn              (no ring)

@: flying, very quick
A: very small, unfitting armour, see invisible, herbivore, speed 3, slow
metabolism 2
a: no special abilities


You were on level 3 of the Dungeon.
You were not hungry.

You visited 1 branch of the dungeon, and saw 4 of its levels.

You collected 67 gold pieces.

Inventory:

Hand Weapons
 a - a +2 dagger (weapon)
Missiles
 d - 10 poisoned darts (quivered)
 e - 2 curare-tipped darts
Armour
 b - a +0 robe (worn)
 c - a +0 cloak (worn)
 n - a +0 robe
Jewellery
 i - a ring of positive energy (left hand)
Scrolls
 h - a scroll of noise
 l - 2 scrolls of amnesia
 o - a scroll of identify
Potions
 g - 2 potions of brilliance
 m - a potion of berserk rage {unknown}
 p - a potion of degeneration {unknown}
 q - a potion of might {unknown}
 s - a potion of lignification {unknown}
Comestibles
 f - 6 rations


   Skills:
 + Level 2.3 Fighting
 * Level 3.7 Short Blades
 - Level 2.0 Throwing
 * Level 4.5 Dodging
 * Level 7.3 Stealth


You had 4 spell levels left.
You didn't know any spells.
Your spell library was empty.

Dungeon Overview and Level Annotations

Branches:
Dungeon (4/15)
 Temple: D:4-7

Altars:
Xom


Innate Abilities, Weirdness & Mutations

You are very small and have problems with some larger weapons.
You are too small for most types of armour.
You have supernaturally acute eyesight. (SInv)
You are a herbivore.
You cover ground extremely quickly.
You need to consume almost no food.


Message History

The orc warrior closely misses you. The orc closely misses you.
You closely miss the orc.
The orc is severely wounded.
The orc warrior hits you with a +0 hand axe!
Ouch! That really hurt!
* * * LOW HITPOINT WARNING * * *
You closely miss the orc.
The orc is severely wounded.
The orc misses you. The orc warrior closely misses you.
You barely miss the orc.
The orc is severely wounded.
The orc closely misses you.
You feel very buoyant.
You fly up into the air.
The orc warrior completely misses you. The orc hits you but does no damage.
You hit the orc.
The orc is almost dead.
The orc warrior hits you but does no damage.
The orc hits you with a +0 hand axe!
You die...

#.#....# #.# #.#....# #.#
#.#....# #.# #.#....# #.#
#.#....# #.# #.#..).# #.#
#.#....# #######.#
###.#....##########.....#.####
...............o@o....#.#....#
.##.#.#############.#.#.####.#
.##.#.............#.#.#.# #.#
.##.#############.#.#.#.# #.#
.##.# #.#.#.#.# #.# ..#.#
#.#.#.#.# #.# ..#.#
######.#.#.#.# #.# ..#.#
#......#.#.#.# #.# ..#.#
#.######.#.#.# #.#


You could see an orc warrior and an orc.

Vanquished Creatures
  A howler monkey (D:4)
  An orc wizard (D:3)
  5 adders
  5 oozes
  A worm (D:3)
  A dart slug (D:1)
  4 leopard geckos
  An orc (D:4)
  A ball python (D:2)
  4 bats
  5 giant cockroaches
  9 hobgoblins
  5 kobolds
  2 quokkas (D:2)
  6 goblins
  A leopard gecko skeleton (D:4)
  6 rats
58 creatures vanquished.

Vanquished Creatures (others)
  An orc (D:3)
1 creature vanquished.

Grand Total: 59 creatures vanquished

Notes
Turn   | Place    | Note
-------+----------+-------------------------------------------
     0 | D:1      | ChaosChampion the Spriggan Assassin began the quest for the
                  | Orb.
     0 | D:1      | Reached XP level 1. HP: 10/10 MP: 2/2
   149 | D:1      | Reached skill level 6 in Stealth
   160 | D:1      | Reached XP level 2. HP: 9/15 MP: 3/3
   667 | D:1      | Reached XP level 3. HP: 7/18 MP: 4/4
  1326 | D:2      | Reached XP level 4. HP: 13/23 MP: 5/5
  2112 | D:3      | Reached skill level 7 in Stealth
  2529 | D:3      | Found a shimmering altar of Xom.
  2635 | D:4      | Noticed an orc warrior
  3287 | D:4      | Reached XP level 5. HP: 26/26 MP: 6/6
  3315 | D:3      | Slain by an orc

Levels and vault maps discovered:
D:1:      lemuel_arrival_muddy, layout_basic, serial_park_tiny_1
D:2:      layout_loops_ring
D:3:      layout_basic, lemuel_coloured_pillars_altar
D:4:      layout_loops_ring, chequers_temple_overflow_minitemple,
          uniq_eustachio, uniq_blork_the_orc

Skill      XL: |  1  2  3  4 |
---------------+-------------+-----
Dodging        | 2 3 4 |  4.5
Stealth        | 6 7 |  7.3
Short Blades   | 3 |  3.7
Fighting       | 2 |  2.3
Throwing       | |  2.0

Action                   |  1- 3 |  4- 6 || total
-------------------------+-------+-------++-------
Melee: Dagger            |   135 |   151 ||   286
Throw: Dart              |       |     6 ||     6
  Use: Scroll            |       |     7 ||     7
       Potion            |       |     2 ||     2
 Stab: Sleeping          |     9 |     8 ||    17
Armor: Robe              |    21 |    11 ||    32
Dodge: Dodged            |   123 |   127 ||   250

Table legend:
 A = Non-vault XP
 B = Vault XP
 C = Vault XP percentage of total XP
 D = Non-vault monster count
 E = Vault monster count
 F = Vault count percentage of total count
                 A         B        C        D         E       F
            +---------+---------+-------+---------+---------+-------
      Total |     277 |       0 |   0.0 |      58 |       0 |   0.0
            +---------+---------+-------+---------+---------+-------
        D:1 |      51 |       0 |   0.0 |      20 |       0 |   0.0
        D:2 |      61 |       0 |   0.0 |      14 |       0 |   0.0
        D:3 |     100 |       0 |   0.0 |      19 |       0 |   0.0
        D:4 |      65 |       0 |   0.0 |       5 |       0 |   0.0
            +---------+---------+-------+---------+---------+-------
